 Dungeon Crawl Stone Soup version 0.31.0-4-g52a2dc7128 (webtiles) character file.

Game seed: 17081344689187014313

193302 Leszczynek the Crack Shot (level 18, -5/120 HPs)
             Began as a Tengu Delver on Jan 21, 2024.
             Was the Champion of Okawaru.
             Collided with a stone wall (10 damage)
             ... after being knocked back by an arcanist
             ... on level 1 of the Vaults.
             The game lasted 01:38:13 (27984 turns).

Leszczynek the Crack Shot (Tengu Delver)           Turns: 27984, Time: 01:38:14

Health: -5/120     AC: 18    Str: 16    XL:     18   Next: 26%
Magic:  0/25       EV: 28    Int: 15    God:    Okawaru [******]
Gold:   3109       SH:  0    Dex: 33    Spells: 10/17 levels left

rFire   + . .        a - +3 arbalest (flame)
rCold   . . .        (shield currently unavailable)
rNeg    + . .        t - +3 ring mail of the Fae Kraken {rCorr Dex+4}
rPois   .            N - +0 hat of Waidiedo {god gift, rN+ Will+ rCorr Slay+3}
rElec   .            h - +2 cloak
rCorr   +            m - +2 pair of gloves
SInv    .            (boots unavailable)
Will    +++++        o - amulet "Jeriuclucaa" {Spirit +Blink rF+ Will++}
Stlth   +++++        e - ring "Heva Qef" {Will+ Str+2 Int+3 Dex+6 Stlth+}
HPRegen 0.40/turn    E - +4 ring of protection
MPRegen 0.19/turn

%: acrobat, guardian spirit
@: flying, studying 2 skills
A: beak, talons 3, evasive flight, acrobatic, agile 1
}: 1/15 runes: barnacled
a: Renounce Religion, Evoke Blink, Heroism, Finesse, Duel


You were on level 1 of the Vaults.
You worshipped Okawaru.
Okawaru was exalted by your worship.
You visited 6 branches of the dungeon, and saw 28 of its levels.
You also visited: Bailey.

You collected 4301 gold pieces.
You spent 1192 gold pieces at shops.

Inventory:

Hand Weapons
 a - a +3 arbalest of flaming (weapon)
 b - a +2 longbow of flaming {god gift}
 x - the +0 quarterstaff of Lies {venom, rElec rF+ rCorr Int-4}
   (You found it on level 2 of the Dungeon)

   Int-4:     It affects your intelligence (-4).
   rF+:       It protects you from fire.
   rElec:     It insulates you from electricity.
   rCorr:     It protects you from acid and corrosion.
 B - a +0 arbalest of freezing
Missiles
 j - 7 throwing nets
 G - 5 curare-tipped darts
Armour
 h - a +2 cloak (worn)
 m - a +2 pair of gloves (worn)
 t - the +3 ring mail of the Fae Kraken (worn) {rCorr Dex+4}
   (You found it on level 5 of the Dungeon)

   Dex+4:     It affects your dexterity (+4).
   rCorr:     It protects you from acid and corrosion.
 N - the +0 hat of Waidiedo (worn) {god gift, rN+ Will+ rCorr Slay+3}
   (Okawaru gifted it to you on level 14 of the Dungeon)

   Slay+3:    It affects your accuracy & damage with ranged weapons and melee
   (+3).
   rN+:       It protects you from negative energy.
   Will+:     It increases your willpower.
   rCorr:     It protects you from acid and corrosion.
Jewellery
 c - a ring of resist corrosion
 e - the ring "Heva Qef" (left hand) {Will+ Str+2 Int+3 Dex+6 Stlth+}
   (You acquired it on level 2 of the Dungeon)

   [ring of dexterity]

   Str+2:     It affects your strength (+2).
   Int+3:     It affects your intelligence (+3).
   Dex+6:     It affects your dexterity (+6).
   Will+:     It increases your willpower.
   Stlth+:    It makes you more stealthy.
 o - the amulet "Jeriuclucaa" (around neck) {Spirit +Blink rF+ Will++}
   (You took it off a merfolk on level 3 of the Shoals)

   [amulet of guardian spirit]

   Spirit:    It causes incoming damage to be divided between your reserves of
   health and magic.
   rF+:       It protects you from fire.
   Will++:    It greatly increases your willpower.
   +Blink:    It lets you blink.
 E - a +4 ring of protection (right hand)
 S - a ring of protection from cold
Wands
 s - a wand of roots (18)
 y - a wand of paralysis (17)
 A - a wand of light (17)
 J - a wand of mindburst (7)
 O - a wand of flame (18)
Scrolls
 d - 3 scrolls of torment {!r}
 g - 5 scrolls of poison
 i - 5 scrolls of vulnerability {!r}
 k - 6 scrolls of immolation {!r}
 l - 7 scrolls of fear
 n - 3 scrolls of fog
 v - 6 scrolls of blinking
 w - 12 scrolls of teleportation
 D - 2 scrolls of revelation
 F - a scroll of brand weapon
 H - a scroll of amnesia
 K - 9 scrolls of identify {@r1}
 T - a scroll of silence {!r}
Potions
 f - 17 potions of curing {@q1}
 p - 5 potions of enlightenment
 q - a potion of cancellation
 r - 3 potions of magic
 u - 12 potions of resistance
 z - 4 potions of brilliance
 C - 8 potions of mutation {!q}
 I - 4 potions of haste
 M - 7 potions of heal wounds {@q2}
 P - 3 potions of ambrosia
 Q - a potion of invisibility
Miscellaneous
 L - a lightning rod (4/4)
 R - a condenser vane (inert)


   Skills:
 * Level 16.1 Fighting
 - Level 6.3 Maces & Flails
 - Level 22.2 Ranged Weapons
 + Level 3.1 Armour
 - Level 12.2 Dodging
 - Level 7.0 Stealth
 + Level 6.3 Hexes
 + Level 7.3 Alchemy
 - Level 9.2 Invocations
 * Level 9.4 Evocations


You had 10 spell levels left.
You knew the following spells:

 Your Spells              Type           Power      Damage    Failure   Level
a - Yara's Violent Unrav  Hex/Alch       10%        3d6       63%         5
B - Blink                 Tloc           0%         N/A       58%         2

Your spell library contained the following spells:

 Spells                   Type           Power      Damage    Failure   Level
 Ensorcelled Hibernation  Hex/Ice        18%        N/A       22%         2
 Olgreb's Toxic Radiance  Alch           22%        N/A       24%         4
 Cigotuvi's Dreadful Rot  Necr/Alch/Air  14%        N/A       28%         2
 Dazzling Flash           Conj/Hex       18%        N/A       38%         3
 Inner Flame              Hex/Fire       9%         N/A       38%         3
 Magic Dart               Conj           0%         1d3       45%         1
 Sandblast                Erth           0%         2d4       45%         1
 Shock                    Conj/Air       0%         1d3       45%         1
 Mephitic Cloud           Conj/Alch/Air  7%         N/A       50%         3
 Lesser Beckoning         Tloc           0%         N/A       58%         2
 Static Discharge         Conj/Air       0%         3-3/arc   58%         2
 Sublimation of Blood     Necr           0%         N/A       58%         2
 Petrify                  Alch/Erth      11%        N/A       73%         4
 Sticky Flame             Fire/Alch      11%        2d5       73%         4
 Anguish                  Hex/Necr       4%         N/A       80%         4
 Fugue of the Fallen      Necr           0%         N/A       83%         3
 Gell's Gravitas          Tloc           0%         N/A       83%         3
 Hailstorm                Conj/Ice       0%         3d5       83%         3
 Ozocubu's Armour         Ice            0%         N/A       83%         3
 Passwall                 Erth           0%         N/A       83%         3
 Stone Arrow              Conj/Erth      0%         3d7       83%         3
 Teleport Other           Tloc           0%         N/A       83%         3
 Irradiate                Conj/Alch      5%         3d13      97%         5
 Metabolic Englaciation   Hex/Ice        4%         N/A       98%         5
 Silence                  Hex/Air        4%         N/A       98%         5
 Airstrike                Air            0%         2d(0-16)  99%         4
 Brom's Barrelling Bould  Conj/Erth      0%         2d3       99%         4
 Dispel Undead            Necr           0%         3d6       99%         4
 Flame Wave               Conj/Fire      0%         2d4       99%         4
 Passage of Golubria      Tloc           0%         N/A       99%         4
 Curse of Agony           Necr           0%         N/A       100%        5
 Lee's Rapid Deconstruct  Erth           0%         3d4*      100%        5
 Dispersal                Tloc           0%         N/A       100%        6
 Ozocubu's Refrigeration  Ice            0%         4d7       100%        7
 Discord                  Hex            9%         N/A       100%        8
 Chain Lightning          Conj/Air       0%         N/A       100%        9
 Fire Storm               Conj/Fire      0%         5d1       100%        9
 Shatter                  Erth           0%         3d5*      100%        9
 Tukima's Dance           Hex            Unusable   N/A       N/A         3
 Call Imp                 Summ           Unusable   N/A       N/A         2
 Summon Ice Beast         Ice/Summ       Unusable   N/A       N/A         3
 Animate Armour           Summ/Erth      Unusable   N/A       N/A         4
 Martyr's Knell           Necr/Summ      Unusable   N/A       N/A         4
 Summon Lightning Spire   Summ/Air       Unusable   N/A       N/A         4
 Death Channel            Necr           Unusable   N/A       N/A         6
 Sculpt Simulacrum        Ice/Alch       Unusable   N/A       N/A         6
 Summon Horrible Things   Summ           Unusable   N/A       N/A         8

Dungeon Overview and Level Annotations

Branches:
Dungeon (15/15)            Temple (1/1) D:7            Lair (5/5) D:11
 Shoals (4/4) Lair:3       Spider (0/4) Lair:2        Slime (0/5) Lair:4
    Orc (2/2) D:12            Elf (0/3) Orc:2        Vaults (1/5) D:14
 Depths (0/4) D:15         Bailey (visited)

Altars:
Ashenzari
Cheibriados
Dithmenos
Elyvilon
Fedhas
Gozag
Hepliaklqana
Kikubaaqudgha
Makhleb
Nemelex Xobeh
Okawaru
Qazlal
Ru
Sif Muna
Trog
Uskayaw
Vehumet
Wu Jian
Xom
Yredelemnul
Zin
The Shining One
Jiyva

Shops:
D:12 !   Orc:2 ::**   Vaults:1 (

Annotations:
D:3 Grinder
D:4 exclusion: 2 yaks
D:9 exclusions: kobold demonologist, two-headed ogre and 4 wolves, Grum
D:10 exclusion: 3 killer bees
D:11 lair
Temple 2 transporters
Lair:2 3 runed translucent doors, Xpym's ghost, journeyman SpAl
Shoals:3 Ilsuiw


Innate Abilities, Weirdness & Mutations

You have a beak for a mouth.
You have claws for feet.
Your magical flight helps you evade attacks. (EV +4)
You can magically evade attacks while moving or waiting.
You are agile. (Dex +4, Str/Int -1)


Message History

The bolt closely misses the ironbound frostheart.
The bolt completely misses the yaktaur.
The bolt hits the arcanist!!
The bolt burns the arcanist.
The arcanist is heavily wounded.
The ironbound frostheart closely misses you.
You shoot a bolt. The bolt hits the yaktaur.
The bolt burns the yaktaur.
The yaktaur is almost dead.
The ironbound frostheart touches you. The ironbound frostheart freezes you!
The yaktaur unwields a +0 arbalest.
The yaktaur completely misses you.
You shoot a bolt. The bolt hits the yaktaur!!
The bolt burns the yaktaur.
You kill the yaktaur!
Okawaru accepts your kill.
The ironbound frostheart touches you but does no damage.
The arcanist gestures wildly while chanting.
The arcanist seems to speed up.
You shoot a bolt.
The bolt hits the ironbound frostheart!!
The bolt burns the ironbound frostheart.
The ironbound frostheart is heavily wounded.
The ironbound frostheart touches you! The ironbound frostheart freezes you!!
You are too injured to fight recklessly!
You are too injured to fight recklessly!
Fire: a) +3 arbalest (flame)
Press: ? - help, Q - select action, (/) - cycle Shift-Dir - straight line, f/p - ironbound frostheart
Aim: an ironbound frostheart, wearing a +0 scale mail (heavily wounded, 81% to hit)
You shoot a bolt. The bolt hits the ironbound frostheart!
The bolt burns the ironbound frostheart.
The ironbound frostheart is severely wounded.
The arcanist barely misses you.
The arcanist hits you but does no damage.
You are poisoned.
The ironbound frostheart touches you! The ironbound frostheart freezes you!!
* * * LOW HITPOINT WARNING * * *
You feel better.
The arcanist points at you and mumbles some strange words.
The lance of force hits you!!
* * * LOW HITPOINT WARNING * * *
You are knocked back by the lance of force.
You slam into the stone wall!
You die...

....# ....# ....#
....# ....# .).=#
#)########
#).......###########
#........'...)..@..#
#..>.....#.........#
#........#.........#
#........#.......p.#
#........'.....)p..#
#........'.........#
#........#######'###
#+######## #.# #)#


You could see an ironbound frostheart and an arcanist (fast).

Vanquished Creatures
  Nikola (Shoals:2)
  Norris (Vaults:1)
  A shard shrike skeleton (Shoals:3)
  3 krakens
  A storm dragon (Shoals:4)
  4 ironbound preservers (Vaults:1)
  A vault warden (Vaults:1)
  An orc warlord (Vaults:1)
  Snorg (Lair:5)
  An ettin (Orc:2)
  7 merfolk javelineers
  16 merfolk impalers
  A fire dragon (Lair:5)
  2 yaktaur captains (Vaults:1)
  Josephine (D:12)
  A great orb of eyes (Vaults:1)
  2 vault guards (Bailey)
  An ogre mage (D:15)
  4 hydras
  Erolcha (D:13)
  4 centaur warriors
  A catoblepas (D:14)
  2 alligator snapping turtles
  5 merfolk aquamancers
  10 two-headed ogres
  4 boulder beetles
  7 death yaks
  3 satyrs
  A merfolk avatar (Shoals:1)
  2 tengu warriors (D:15)
  Sonja (Orc:1)
  A soul eater (D:12)
  2 storm dragon zombies (D:15)
  Urug (Lair:5)
  2 sixfirhies (D:12)
  3 skeletal warriors
  A swamp dragon (Lair:5)
  12 deep trolls (Vaults:1)
  9 sea snakes
  9 skysharks
  An arcanist (Vaults:1)
  4 lindwurms (Lair:3)
  Pikel (D:8)
  2 orc knights (Orc:2)
  9 harpies
  7 ugly things
  A deep elf pyromancer (D:10)
  3 ironbound convokers (Vaults:1)
  2 orc sorcerers
  9 cyclopes
  3 necromancers
  9 fauns
  12 manticores
  3 black mambas
  21 elephants
  A rust devil (D:12)
  5 kobold blastminers (Orc:2)
  10 water nymphs
  A vault sentinel (Vaults:1)
  8 merfolk sirens
  2 gargoyles
  An orange demon (D:12)
  2 unseen horrors
  9 cane toads
  Jeremiah (D:9)
  An efreet (D:14)
  9 komodo dragons
  14 yaktaurs (Vaults:1)
  6 kobold demonologists
  6 rime drakes
  2 ice devils (D:12)
  38 merfolk
  A hellwing (D:12)
  12 wind drakes
  9 trolls
  A polar bear (Lair:5)
  A hornet (D:10)
  21 blink frogs
  8 snapping turtles
  Prince Ribbit (D:8)
  10 dream sheep
  5 slime creatures
  A spriggan zombie (D:15)
  7 air elementals (Shoals:4)
  3 vampires
  A jumping spider (Lair:2)
  6 wraiths
  9 merfolk skeletons (Shoals:3)
  A culicivora (Lair:2)
  A shadow (D:13)
  38 yaks
  3 wyverns
  9 basilisks
  17 water elementals
  5 humans (Bailey)
  A warg (Orc:2)
  6 steam dragons
  4 vampire mosquitoes (D:13)
  A chaos spawn (D:12)
  A neqoxec (D:12)
  7 water moccasins
  4 acid dragons
  29 orc warriors
  3 black bears
  A sky beast (D:7)
  An ice beast (D:5)
  8 ogres
  Pargi (D:3)
  11 centaurs
  5 boggarts (D:14)
  9 wolves
  A lemure (D:8)
  5 kobold brigands
  A scorpion (D:7)
  15 bullfrogs
  3 electric eels (Lair:4)
  6 howler monkeys
  2 bombardier beetles (D:5)
  2 quasits (D:12)
  2 jellies
  10 orc priests
  12 hounds
  6 iguanas
  A sleepcap (D:4)
  19 orc wizards
  9 adders
  3 gnolls
  7 dart slugs
  2 ribbon worms
  65 orcs
  6 endoplasms
  3 giant cockroaches
  14 goblins
  8 hobgoblins
  4 jackals
  15 kobolds
  3 quokkas
  3 ball pythons
  5 bats
  6 rats
  A tentacle (Shoals:1)
835 creatures vanquished.

Vanquished Creatures (others)
  An arcanist (D:7)
  A merfolk siren (Shoals:2)
  24 tentacles
26 creatures vanquished.

Grand Total: 861 creatures vanquished

Notes
Turn   | Place    | Note
-------+----------+-------------------------------------------
     0 | D:5      | Leszczynek the Tengu Delver began the quest for the Orb.
     0 | D:5      | Reached XP level 1. HP: 14/14 MP: 2/2
    37 | D:5      | Noticed an ice beast
    80 | D:4      | Noticed a hound
   148 | D:3      | Noticed Grinder
   154 | D:3      | Paralysed by Grinder for 3 turns
   188 | D:2      | Identified the +0 quarterstaff of Lies {venom, rElec rF+
                  | rCorr Int-4}
   235 | D:2      | Identified a scroll of acquirement
   235 | D:2      | Acquired the ring "Heva Qef" {Will+ Str+2 Int+3 Dex+6
                  | Stlth+}
   244 | D:2      | Reached XP level 2. HP: 11/19 MP: 3/3
   276 | D:2      | Found a faded altar of an unknown god.
   329 | D:2      | Reached XP level 3. HP: 20/23 MP: 4/4
   735 | D:1      | Reached skill level 3 in Dodging
   848 | D:2      | Reached skill level 3 in Maces & Flails
   870 | D:2      | Reached XP level 4. HP: 27/28 MP: 5/5
  1165 | D:2      | Found a shimmering altar of Xom.
  1365 | D:3      | Noticed Pargi
  1642 | D:3      | Reached XP level 5. HP: 26/32 MP: 6/6
  1675 | D:3      | Killed Pargi
  1676 | D:3      | Reached skill level 4 in Fighting
  1676 | D:3      | Reached skill level 4 in Maces & Flails
  1763 | D:4      | Reached skill level 5 in Maces & Flails
  1763 | D:4      | Reached XP level 6. HP: 39/39 MP: 7/7
  1780 | D:4      | Found a hazy altar of Hepliaklqana.
  2033 | D:4      | Noticed a yak
  2308 | D:4      | Noticed a yak
  2468 | D:5      | Noticed a black bear
  2504 | D:5      | Reached skill level 6 in Maces & Flails
  2504 | D:5      | Gained mutation: Your magical flight helps you evade
                  | attacks. (EV +4) [Tengu growth]
  2504 | D:5      | Reached XP level 7. HP: 44/44 MP: 8/8
  2525 | D:5      | Identified the +3 ring mail of the Fae Kraken {rCorr Dex+4}
  2555 | D:5      | Found a sacrificial altar of Ru.
  2593 | D:5      | Reached skill level 5 in Fighting
  2670 | D:5      | Reached skill level 1 in Ranged Weapons
  2766 | D:5      | Reached skill level 2 in Ranged Weapons
  2843 | D:5      | Reached skill level 3 in Ranged Weapons
  3085 | D:6      | Reached skill level 4 in Ranged Weapons
  3085 | D:6      | Reached XP level 8. HP: 51/51 MP: 9/9
  3186 | D:6      | Reached skill level 6 in Fighting
  3392 | D:6      | Reached skill level 5 in Ranged Weapons
  4023 | D:7      | Reached skill level 6 in Ranged Weapons
  4318 | D:7      | Found a staircase to the Ecumenical Temple.
  4333 | Temple   | Found a transporter.
  4333 | Temple   | Found a transporter.
  4333 | Temple   | Found a transporter.
  4333 | Temple   | Found a transporter.
  4333 | Temple   | Entered the Ecumenical Temple
  4346 | Temple   | Became a worshipper of Warmaster Okawaru
  4373 | D:7      | Reached skill level 7 in Ranged Weapons
  4478 | D:7      | Reached XP level 9. HP: 56/56 MP: 10/10
  4604 | D:7      | Reached skill level 8 in Ranged Weapons
  4696 | D:7      | Found a bloodstained altar of Trog.
  4697 | D:7      | Noticed a wizard
  4702 | D:7      | Killed a wizard
  4956 | D:8      | Noticed Prince Ribbit
  4973 | D:8      | Killed Prince Ribbit
  4973 | D:8      | Reached * piety under Okawaru
  4974 | D:8      | Reached skill level 4 in Dodging
  5011 | D:8      | Reached skill level 9 in Ranged Weapons
  5324 | D:8      | Reached ** piety under Okawaru
  5325 | D:8      | Reached skill level 10 in Ranged Weapons
  5325 | D:8      | Reached skill level 5 in Dodging
  5326 | D:8      | Acquired 1049 gold pieces
  5550 | D:8      | Noticed Pikel
  5564 | D:8      | Killed Pikel
  5564 | D:8      | Reached *** piety under Okawaru
  5565 | D:8      | Reached skill level 11 in Ranged Weapons
  5565 | D:8      | Reached skill level 6 in Dodging
  5565 | D:8      | Reached XP level 10. HP: 61/61 MP: 11/11
  5736 | D:9      | Noticed a two-headed ogre
  5860 | D:9      | Noticed Jeremiah
  5912 | D:9      | Killed Jeremiah
  6069 | D:9      | Noticed a kobold demonologist
  6078 | D:9      | Found a flagged portal.
  6095 | Bailey   | Entered a bailey
  6107 | Bailey   | Reached skill level 1 in Invocations
  6191 | Bailey   | Reached skill level 7 in Fighting
  6318 | Bailey   | Reached **** piety under Okawaru
  6319 | Bailey   | Reached skill level 2 in Invocations
  6331 | Bailey   | Noticed a vault guard
  6533 | Bailey   | Killed a vault guard
  6534 | Bailey   | Reached skill level 12 in Ranged Weapons
  6567 | Bailey   | Reached skill level 8 in Fighting
  6606 | Bailey   | Noticed a vault guard
  6627 | Bailey   | Killed a vault guard
  6628 | Bailey   | Reached skill level 3 in Invocations
  6628 | Bailey   | Reached XP level 11. HP: 56/69 MP: 12/14
  6804 | D:9      | Found a broken altar of Ashenzari.
  6824 | D:9      | Noticed Grum
  7182 | D:9      | Found a basalt altar of Yredelemnul.
  7183 | D:9      | Found a stormy altar of Qazlal.
  7188 | D:9      | Found an ornate altar of the Wu Jian Council.
  7445 | D:10     | Entered Level 10 of the Dungeon
  7769 | D:10     | Identified the +2 ring mail of the Farrier {Harm rC+ Will+
                  | rCorr Slay+3}
  7912 | D:10     | Found a shimmering blue altar of Sif Muna.
  8091 | D:10     | Reached skill level 9 in Fighting
  8107 | D:10     | Noticed a two-headed ogre
  8140 | D:10     | Killed a two-headed ogre
  8140 | D:10     | Reached ***** piety under Okawaru
  8141 | D:10     | Reached skill level 13 in Ranged Weapons
  8454 | D:10     | Received a gift from Okawaru
  8455 | D:10     | Reached skill level 4 in Invocations
  8582 | D:10     | Noticed a deep elf pyromancer
  8606 | D:10     | Killed a deep elf pyromancer
  8841 | D:10     | Noticed a sixfirhy
  8859 | D:10     | Found a shimmering blue altar of Sif Muna.
  9298 | D:11     | Reached skill level 10 in Fighting
  9522 | D:11     | Found a blossoming altar of Fedhas.
 10000 | D:12     | Noticed a sixfirhy
 10061 | D:11     | Reached skill level 14 in Ranged Weapons
 10061 | D:11     | Reached skill level 5 in Invocations
 10061 | D:11     | Reached XP level 12. HP: 40/78 MP: 13/16
 10195 | D:11     | Noticed a boulder beetle
 10205 | D:11     | Killed a boulder beetle
 10789 | D:11     | Received a gift from Okawaru
 10906 | D:11     | Found a staircase to the Lair.
 11127 | D:12     | Found Nyemeun's Distillery.
 11192 | D:12     | Noticed a two-headed ogre
 11208 | D:12     | Killed a two-headed ogre
 11209 | D:12     | Reached skill level 7 in Dodging
 11423 | D:12     | Gained mutation: You occasionally lose the ability to drink
                  | potions when taking damage. [a neqoxec]
 11439 | D:12     | Lost mutation: You occasionally lose the ability to drink
                  | potions when taking damage. [potion of mutation]
 11439 | D:12     | Gained mutation: You are agile. (Dex +4, Str/Int -1)
                  | [potion of mutation]
 11486 | D:12     | Noticed a centaur warrior
 11499 | D:12     | Killed a centaur warrior
 11573 | D:12     | Reached skill level 8 in Dodging
 11637 | D:12     | Reached skill level 15 in Ranged Weapons
 11637 | D:12     | Reached skill level 6 in Invocations
 11642 | D:12     | Received a gift from Okawaru
 11689 | D:12     | Noticed a soul eater
 11848 | D:12     | Reached skill level 1 in Evocations
 11896 | D:12     | Noticed Josephine
 11909 | D:12     | Killed Josephine
 11910 | D:12     | Reached skill level 2 in Evocations
 11913 | D:12     | Reached skill level 3 in Evocations
 11942 | D:11     | Reached skill level 4 in Evocations
 12175 | D:12     | Found a staircase to the Orcish Mines.
 12186 | Orc:1    | Entered Level 1 of the Orcish Mines
 12231 | Orc:1    | Noticed Sonja
 12235 | Orc:1    | Killed Sonja
 12236 | Orc:1    | Reached XP level 13. HP: 83/83 MP: 18/18
 12613 | Orc:2    | Entered Level 2 of the Orcish Mines
 12618 | Orc:2    | Noticed an ettin
 12628 | Orc:2    | Killed an ettin
 12763 | Orc:2    | Reached skill level 11 in Fighting
 12825 | Orc:2    | Received a gift from Okawaru
 12902 | Orc:2    | Reached skill level 16 in Ranged Weapons
 12988 | Orc:2    | Reached skill level 7 in Invocations
 13551 | Orc:2    | Found a staircase to the Elven Halls.
 13652 | Orc:2    | Found Ciuloog's General Store.
 13652 | Orc:2    | Found Vecs's Book Shop.
 13654 | Orc:2    | Found Ruim's Book Boutique.
 13656 | Orc:2    | Found Ziyrah's Assorted Antiques.
 13662 | Orc:2    | Bought a scroll of blinking for 97 gold pieces
 13903 | Orc:2    | Learned a level 2 spell: Blink
 14176 | Orc:2    | Bought a potion of mutation for 104 gold pieces
 14178 | Orc:2    | Bought a scroll of identify for 66 gold pieces
 14178 | Orc:2    | Bought a murky sapphire potion for 29 gold pieces
 14319 | D:12     | Received a gift from Okawaru
 14334 | D:12     | Bought a potion of curing for 48 gold pieces
 14334 | D:12     | Bought a potion of magic for 128 gold pieces
 14334 | D:12     | Bought a potion of resistance for 160 gold pieces
 14334 | D:12     | Bought a potion of enlightenment for 80 gold pieces
 14334 | D:12     | Bought a potion of curing for 48 gold pieces
 14334 | D:12     | Bought a potion of curing for 48 gold pieces
 14334 | D:12     | Bought a potion of curing for 48 gold pieces
 14334 | D:12     | Bought 2 potions of mutation for 256 gold pieces
 14334 | D:12     | Bought a potion of berserk rage for 80 gold pieces
 14585 | Lair:1   | Entered Level 1 of the Lair of Beasts
 14751 | Lair:1   | You are sucked into a shaft and drop 1 floor!
 15130 | Lair:2   | Noticed Xpym's ghost (journeyman SpAl)
 15137 | Lair:2   | Noticed a minotaur
 15173 | Lair:2   | Found a runed translucent gate.
 15173 | Lair:2   | Found a runed translucent gate.
 15173 | Lair:2   | Found a runed translucent gate.
 15253 | Lair:2   | Reached skill level 9 in Dodging
 15335 | Lair:2   | Reached skill level 12 in Fighting
 15340 | Lair:2   | Reached XP level 14. HP: 41/92 MP: 20/20
 15511 | Lair:2   | Reached skill level 17 in Ranged Weapons
 15870 | Lair:2   | Reached skill level 8 in Invocations
 15899 | Lair:2   | Received a gift from Okawaru
 16258 | Lair:2   | Found a hole to the Spider Nest.
 16803 | Lair:3   | HP: 17/92 [wind drake/the air (19)]
 16808 | Lair:3   | HP: 9/92 [rock wall collision (11)]
 17077 | Lair:3   | Found a staircase to the Shoals.
 17247 | Lair:4   | Found a viscous altar of Jiyva.
 17247 | Lair:4   | Found a staircase to the Slime Pits.
 17584 | Lair:4   | Received a gift from Okawaru
 17598 | Lair:4   | Learned a level 5 spell: Yara's Violent Unravelling
 17920 | Lair:4   | Reached skill level 10 in Dodging
 17920 | Lair:4   | Reached skill level 5 in Evocations
 17976 | Lair:4   | Reached skill level 13 in Fighting
 18118 | Lair:5   | Entered Level 5 of the Lair of Beasts
 18142 | Lair:5   | Noticed Urug
 18161 | Lair:5   | Killed Urug
 18449 | Lair:5   | Received a gift from Okawaru
 18535 | Lair:5   | Found a frozen archway.
 18571 | Lair:5   | Reached skill level 1 in Alchemy
 18593 | Lair:5   | Reached skill level 18 in Ranged Weapons
 18593 | Lair:5   | Reached skill level 1 in Hexes
 18664 | Lair:5   | Reached XP level 15. HP: 75/98 MP: 22/22
 18773 | Lair:5   | Reached skill level 2 in Alchemy
 18947 | Lair:5   | Reached skill level 9 in Invocations
 18950 | Lair:5   | Reached skill level 6 in Evocations
 19049 | Lair:5   | Received a gift from Okawaru
 19058 | Lair:5   | Noticed Snorg
 19070 | Lair:5   | Killed Snorg
 19071 | Lair:5   | Reached skill level 2 in Hexes
 19733 | D:13     | Reached skill level 3 in Alchemy
 19757 | D:13     | Noticed Erolcha
 19758 | D:13     | Killed Erolcha
 20242 | D:14     | Received a gift from Okawaru
 20474 | D:14     | Reached skill level 3 in Hexes
 20522 | D:14     | Found a shimmering altar of Xom.
 20522 | D:14     | Found a shimmering altar of Xom.
 20523 | D:14     | Found a shimmering altar of Xom.
 20523 | D:14     | Found a shimmering altar of Xom.
 20524 | D:14     | Found a shimmering altar of Xom.
 20525 | D:14     | Found a shimmering altar of Xom.
 20525 | D:14     | Found a shimmering altar of Xom.
 20525 | D:14     | Found a shimmering altar of Xom.
 20629 | D:14     | Found a gate to the Vaults.
 20662 | D:14     | Reached skill level 7 in Evocations
 20712 | D:14     | Reached ****** piety under Okawaru
 20722 | D:14     | Reached skill level 4 in Alchemy
 20723 | D:14     | Reached skill level 19 in Ranged Weapons
 20723 | D:14     | Acquired a +2 longbow of flaming {god gift}
 20723 | D:14     | Received a gift from Okawaru
 20725 | D:14     | Acquired the +0 hat of Waidiedo {god gift, rN+ Will+ rCorr
                  | Slay+3}
 20725 | D:14     | Received a gift from Okawaru
 20739 | D:14     | Found an iron altar of Okawaru.
 20894 | D:15     | Entered Level 15 of the Dungeon
 21140 | D:15     | Received a gift from Okawaru
 21378 | D:15     | Found a staircase to the Depths.
 21815 | Shoals:1 | Entered Level 1 of the Shoals
 21826 | Shoals:1 | Received a gift from Okawaru
 21897 | Shoals:1 | Reached XP level 16. HP: 104/105 MP: 23/23
 22047 | Shoals:1 | Reached skill level 4 in Hexes
 22160 | Shoals:1 | Noticed a kraken
 22180 | Shoals:1 | Killed a kraken
 22399 | Shoals:2 | Reached skill level 5 in Alchemy
 22478 | Shoals:2 | Reached skill level 14 in Fighting
 22506 | Shoals:2 | Received a gift from Okawaru
 22538 | Shoals:2 | Noticed Nikola
 22588 | Shoals:2 | Reached skill level 20 in Ranged Weapons
 22685 | Shoals:2 | Reached skill level 8 in Evocations
 22744 | Shoals:2 | Noticed a kraken
 22766 | Shoals:2 | Reached skill level 11 in Dodging
 23003 | Shoals:2 | Killed Nikola
 23283 | Shoals:3 | Identified the amulet "Jeriuclucaa" {Spirit +Blink rF+
                  | Will++}
 23327 | Shoals:3 | Received a gift from Okawaru
 23811 | Shoals:3 | Received a gift from Okawaru
 23867 | Shoals:3 | Noticed Ilsuiw
 24056 | Shoals:4 | Entered Level 4 of the Shoals
 24119 | Shoals:3 | Noticed a kraken
 24156 | Shoals:3 | Killed a kraken
 24171 | Shoals:3 | Reached skill level 5 in Hexes
 24185 | Shoals:3 | Noticed a kraken
 24200 | Shoals:3 | Killed a kraken
 24229 | Shoals:3 | Received a gift from Okawaru
 24250 | Shoals:3 | Reached XP level 17. HP: 92/112 MP: 21/24
 24252 | Shoals:3 | Reached skill level 21 in Ranged Weapons
 24318 | Shoals:3 | Reached skill level 6 in Alchemy
 24342 | Shoals:3 | Reached skill level 12 in Dodging
 24464 | Shoals:3 | Noticed a kraken
 24511 | Shoals:4 | Paralysed by an air elemental for 1 turns
 24576 | Shoals:4 | Reached skill level 15 in Fighting
 25026 | Shoals:4 | Received a gift from Okawaru
 25187 | Shoals:4 | Got a barnacled rune of Zot
 25197 | Shoals:4 | Got the Precepts of Floating Leadership
 25234 | Shoals:4 | Reached skill level 6 in Stealth
 25704 | Shoals:4 | Found a stormy altar of Qazlal.
 25857 | Shoals:4 | Received a gift from Okawaru
 26065 | Shoals:4 | Reached skill level 22 in Ranged Weapons
 26072 | Shoals:4 | Paralysed by an air elemental for 1 turns
 26828 | Vaults:1 | Entered Level 1 of the Vaults
 26855 | Vaults:1 | Reached skill level 1 in Armour
 26916 | Vaults:1 | Received a gift from Okawaru
 27129 | Vaults:1 | Reached skill level 6 in Hexes
 27161 | Vaults:1 | Reached skill level 7 in Alchemy
 27253 | Vaults:1 | Reached XP level 18. HP: 94/120 MP: 19/25
 27257 | Vaults:1 | Reached skill level 2 in Armour
 27430 | Vaults:1 | Noticed Norris
 27452 | Vaults:1 | Killed Norris
 27453 | Vaults:1 | Reached skill level 7 in Stealth
 27453 | Vaults:1 | Reached skill level 9 in Evocations
 27560 | Vaults:1 | Reached skill level 16 in Fighting
 27715 | Vaults:1 | Found Odywkeci's Weapon Shop.
 27929 | Vaults:1 | Reached skill level 3 in Armour
 27983 | Vaults:1 | HP: 18/120 [ironbound frostheart (25)]
 27984 | Vaults:1 | HP: 5/120 [arcanist/lance of force (20)]
 27984 | Vaults:1 | Collided with a stone wall

Illustrated notes

Levels and vault maps discovered:
D:1:      heliophobic_arrival_enchanted_forest, layout_rooms
D:2:      layout_loops_cross, dreamdust_ecumenical_altar_statues, basic_altar
D:3:      layout_loops_ring, minmay_goblin_outpost, uniq_pargi, uniq_grinder
D:4:      layout_loops_ring, nicolae_hepliaklqana_hazy_memory,
          minmay_misc_feat_chi
D:5:      layout_cave_pools, lemuel_crystal_altar,
          nicolae_ossuary_entry_false_entrances
D:6:      mumra_celtic_spiral_tile, layout_cave_pools, serial_column_ruins,
          column_ruins_hut, column_ruins_columns_straight,
          column_ruins_columns_straight, column_ruins_open_tiny,
          column_ruins_grid_4, column_ruins_corridor_straight
D:7:      layout_loops_corners, trog_wizard, temple_fountains,
          kb_lookout_dungeons_type
D:8:      layout_basic, uniq_pikel, uniq_prince_ribbit1
D:9:      layout_irregular_city, general_overflow_altar, minitemple,
          enter_bailey_3, uniq_grum, uniq_jeremiah
D:10:     kennysheep_six_static_rooms, layout_irregular_city, serial_library,
          serial_library_regret_index_multi, serial_library_hellmonk_hallway_a,
          serial_library_hellmonk_narrow_alcove,
          serial_library_hellmonk_long_bookcase,
          serial_library_hellmonk_octagon, serial_library_hellmonk_statue_hall,
          serial_library_hellmonk_double_dead_end
D:11:     layout_loops_corners, erik_lair_dragon, minmay_misc_feat_x,
          fedhas_altar_4
D:12:     layout_long_grid, david_orc_4, serial_shops, shop, serial_demonic,
          serial_demonic_g, serial_demonic_c, serial_demonic_f,
          serial_demonic_a, serial_demonic_c, serial_demonic_a,
          serial_demonic_e, serial_demonic_c, uniq_josephine
D:13:     layout_loops_ring, uniq_erolcha
D:14:     layout_rooms, david_vaults_1, lemuel_coloured_pillars_altar,
          minmay_misc_feat_nine_boxes, grunt_ogre_cave, xom_shifter_show
D:15:     gammafunk_depths_entry_grave, layout_stronghold
Temple:   hellmonk_temple_divided_pantheon
Lair:1:   layout_roguey
Lair:2:   layout_gridlike, spider_nest_entry_funnel_web,
          maelrawn_ghost_gauntlet_escape, serial_bayou_lagoon_b,
          serial_bayou_shore_b
Lair:3:   layout_layer_cave, minmay_shoals_entry_beasts, minmay_lindwurm_lava
Lair:4:   layout_hall_layers, minmay_slime_entry_pillars, serial_bayou,
          serial_bayou_shore_a, serial_bayou_ford_a, serial_bayou_pond_b,
          serial_bayou_pond_d
Lair:5:   guppyfry_lair_end_dragon, layout_small_grid, wormcave,
          portal_ice_cave_rime, infiniplex_staircase_pool, uniq_urug, uniq_snorg
Shoals:1: layout_shoals
Shoals:2: layout_shoals, st_sunken_huts, uniq_nikola
Shoals:3: layout_shoals, beargit_guarded_unrand_captain_cutlass, uniq_ilsuiw
Shoals:4: shoals_end_hellmonk_storm_palace [storm_palace_center_circular,
          storm_palace_corner_blocked, storm_palace_corner_reverse_hut,
          storm_palace_corner_pillars, storm_palace_corner_altar]
Orc:1:    layout_diamond_mine, nicolae_orc_damp_corner,
          nicolae_orc_sculptors_studio, uniq_sonja
Orc:2:    st_orc_rangers, layout_caves
Vaults:1: hangedman_vaults_restitches, nicolae_vaults_trapezoid_3,
          v_alt_pattern_3, nicolae_vaults_offset_grid_hallway_1, v_misc_8,
          nicolae_vaults_taking_the_gang_shopping, vaults_mumra_hexcomb,
          nicolae_vaults_wine_cellar, nicolae_vaults_tetromino_Z_2,
          layout_vaults_ring, uniq_norris

Skill      XL: |  1  2  3  4  5  6  7  8  9 10 11 12 13 14 15 16 17 18 |
---------------+-------------------------------------------------------+-----
Dodging        | 3 6 8 9 10 11 12 | 12.2
Maces & Flails | 3 5 6 |  6.3
Fighting       | 4 5 6 8 10 12 13 14 15 16 | 16.1
Ranged Weapons | 4 7 11 12 14 15 16 18 19 20 22 | 22.2
Invocations    | 3 5 6 7 8 9 |  9.2
Evocations     | 4 5 7 8 9 |  9.4
Alchemy        | 1 4 5 7 |  7.3
Hexes          | 1 3 5 6 |  6.3
Stealth        | 6 7 |  7.0
Armour         | 1 3 |  3.1

Action                     |  1- 3 |  4- 6 |  7- 9 | 10-12 | 13-15 | 16-18 || total
---------------------------+-------+-------+-------+-------+-------+-------++-------
  Melee: Quarterstaff      |    52 |   103 |   165 |   200 |       |       ||   520
         Mace              |     6 |       |       |       |       |       ||     6
         Kick              |     8 |    29 |    67 |    89 |       |       ||   193
         Peck              |     4 |    26 |    27 |    68 |       |       ||   125
   Fire: Sling             |       |     4 |    14 |       |       |       ||    18
         Orcbow            |       |       |    67 |   567 |    49 |       ||   683
         Arbalest          |       |       |       |       |  1081 |   926 ||  2007
   Cast: Blink             |       |       |       |       |     1 |       ||     1
 Invoke: Heroism           |       |       |       |    11 |    11 |     3 ||    25
         Finesse           |       |       |       |     2 |     1 |     1 ||     4
         Receive Weapon    |       |       |       |       |     1 |       ||     1
         Receive Armour    |       |       |       |       |     1 |       ||     1
  Evoke: Wand              |     3 |       |       |     8 |     5 |     5 ||    21
         Lightning rod     |       |       |       |       |     2 |       ||     2
         Condenser vane    |       |       |       |       |       |     1 ||     1
    Use: Scroll            |     6 |     2 |     2 |     7 |    13 |     4 ||    34
         Potion            |     1 |       |       |     2 |     6 |     3 ||    12
   Stab: Sleeping          |    11 |     7 |     5 |     1 |       |       ||    24
         Distracted        |       |     1 |       |       |       |       ||     1
 Armour: Leather armour    |    34 |     8 |       |       |       |       ||    42
         Ring mail         |       |    43 |    83 |   172 |   252 |   230 ||   780
         Skin              |       |       |       |       |     6 |       ||     6
  Dodge: Dodged            |    99 |    70 |   121 |   304 |   620 |   416 ||  1630
